 Dungeon Crawl Stone Soup version 0.18.1-5-g4a78601 (webtiles) character file.

6844 Mefis the Thaumaturge (level 10, -3/50 HPs)
             Began as a Deep Elf Wizard on May 10, 2016.
             Was an Initiate of Sif Muna.
             Engulfed by a cloud of flame (6 damage)
             ... in a volcano.
             The game lasted 01:18:18 (17697 turns).

Mefis the Thaumaturge (Deep Elf Wizard)            Turns: 17697, Time: 01:18:19

Health: -3/50      AC:  3    Str:  4    XL:     10   Next: 78%
Magic:  20/25      EV: 15    Int: 27    God:    Sif Muna [......]
Gold:   248        SH:  0    Dex: 13    Spells: 10 memorised, 4 levels left

rFire  + + .     SeeInvis .     D - staff of summoning
rCold  . . .     Gourm    .     a - +0 robe
rNeg   . . .     Faith    .     (no shield)
rPois  +         Spirit   .     y - +0 helmet
rElec  .         Dismiss  .     (no cloak)
rCorr  .         Reflect  .     (no gloves)
SustAt .         Harm     +     (no boots)
MR     +....                    S - amulet of harm
Stlth  ++++......               q - ring of protection from fire
                                X - +3 ring of slaying

@: very slightly contaminated, invisible, somewhat resistant to hostile
enchantments, stealthy
A: fire resistance 1, poison resistance
a: Renounce Religion


You were in a volcano.
You worshipped Sif Muna.
Sif Muna was noncommittal.
You were not hungry.

You visited 3 branches of the dungeon, and saw 12 of its levels.
You also visited: Volcano.

You collected 528 gold pieces.
You spent 280 gold pieces at shops.

Inventory:

Hand Weapons
 t - a +0 blowgun
 v - a +0 rapier
 E - a +0 longbow
 G - a +0 shortbow
Missiles
 e - 138 arrows
 o - 3 tomahawks (quivered)
 r - 65 sling bullets
 u - 34 poisoned needles
Armour
 a - a +0 robe (worn)
 b - a +0 hat
 y - a +0 helmet (worn)
Magical Staves
 D - an uncursed staff of summoning (weapon)
Jewellery
 q - a ring of protection from fire (right hand)
 O - an uncursed ring of resist corrosion
 S - an amulet of harm (around neck)
 X - a +3 ring of slaying (left hand)
Wands
 N - a wand of heal wounds (4/9)
Scrolls
 j - 5 scrolls of remove curse
 m - 6 scrolls of magic mapping
 P - a scroll of fog
Potions
 n - 3 potions of might
 p - 3 potions of curing
 J - 2 potions of brilliance
 L - a potion of ambrosia
Books
 c - a book of Minor Magic

   Spells                             Type                      Level
   a - Magic Dart                     Conjuration                  1
   b - Blink                          Translocation                2
   c - Call Imp                       Summoning                    2
   d - Repel Missiles                 Charms/Air                   2
   e - Slow                           Hexes                        2
   f - Conjure Flame                  Conjuration/Fire             3
   g - Mephitic Cloud                 Conjuration/Poison/Air       3
 W - a book of Burglary

   Spells                             Type                      Level
   a - Swiftness                      Charms/Air                   2
   b - Passwall                       Transmutation/Earth          2
   c - Passage of Golubria            Translocation                4
   d - Lee's Rapid Deconstruction     Earth                        5
   e - Darkness                       Hexes                        6
   f - Invisibility                   Hexes                        6
Comestibles
 w - a beef jerky
 Q - 27 fruits
 Z - a meat ration


   Skills:
 - Level 1.8 Bows
 + Level 7.0 Dodging
 - Level 8.1 Stealth
 + Level 9.3 Spellcasting
 + Level 6.3 Conjurations
 * Level 6.6 Hexes
 + Level 1.7 Charms
 + Level 6.5 Summonings
 + Level 2.0 Translocations
 + Level 0.2 Transmutations
 + Level 6.0 Fire Magic
 + Level 0.8 Air Magic
 + Level 0.4 Earth Magic
 + Level 5.7 Poison Magic
 + Level 1.4 Invocations


You had 4 spell levels left.
You knew the following spells:

 Your Spells              Type           Power        Failure   Level  Hunger
a - Magic Dart            Conj           ####         1%          1    None
b - Call Imp              Summ           ######..     1%          2    None
c - Blink                 Tloc           N/A          3%          2    None
e - Passage of Golubria   Tloc           N/A          24%         4    None
f - Conjure Flame         Conj/Fire      #####...     1%          3    None
g - Slow                  Hex            #####...     1%          2    None
p - Repel Missiles        Chrm/Air       ###...       4%          2    None
q - Swiftness             Chrm/Air       ###.....     4%          2    None
s - Mephitic Cloud        Conj/Pois/Air  #####...     2%          3    None
w - Passwall              Trmt/Erth      ##........   8%          2    None


Dungeon Overview and Level Annotations

Branches:
Dungeon (10/15)            Temple (1/1) D:7            Lair (1/8) D:9
    Orc: D:9-12

Altars:
Ashenzari
Cheibriados
Dithmenos
Elyvilon
Fedhas
Gozag
Kikubaaqudgha
Makhleb
Nemelex Xobeh
Okawaru
Pakellas
Qazlal
Ru
Sif Muna
Trog
Vehumet
Xom
Yredelemnul
Zin

Shops:
D:6 !

Annotations:
D:5 Liquid's ghost, novice FeBe


Innate Abilities, Weirdness & Mutations

Your flesh is heat resistant.
Your system is resistant to poisons.


Message History

Your crimson imp misses the fire elemental.
The fire elemental hits you. The fire elemental burns you! You resist.
* * * LOW HITPOINT WARNING * * *
Your crimson imp blinks!
Really walk into that cloud of flame?
You are engulfed in roaring flames.
You resist.
* * * LOW HITPOINT WARNING * * *
Your crimson imp hits the fire elemental but does no damage.
The fire elemental hits you.
* * * LOW HITPOINT WARNING * * *
The fire elemental burns you! You resist.
* * * LOW HITPOINT WARNING * * *
There is an open door here.
Drink which item? (? for menu, Esc to quit)
You fade into invisibility!
The fire elemental misses you.
Your crimson imp completely misses the fire elemental.
You are very lightly contaminated with residual magic.
You resist.
You die...

### # ###.## .### ##§...##
99..# #§§....#...# #≈≈.∩..+####
#≈§§..###≈§### ≈§
#≈≈≈..##≈≈§≈≈##############≈§§v
#≈≈≈..##≈≈§≈≈§§'#≈##≈#≈#'.§≈≈§≈
#≈≈.∩..'≈≈≈≈§.@#E≈≈≈≈≈≈.##.§≈≈≈
#§§....#.≈§§§###§5≈≈≈≈≈§# .§≈≈
##§...###§≈.## #..≈≈≈≈.## .§.
###.## #.§.# ##.≈≈≈≈.# .# ###
##### #..≈≈.## # ##.≈≈.# ##...#
#.### ###


There were no monsters in sight!

Vanquished Creatures
  Pikel (D:6)
  Psyche (D:8)
  Grinder (D:5)
  Prince Ribbit (D:6)
  A wyvern (D:9)
  Sigmund (D:4)
  Eustachio (D:5)
  A fire elemental (Volcano)
  A hungry ghost (D:8)
  3 hippogriffs
  3 slaves (D:6)
  2 sky beasts
  A necrophage (D:6)
  An eye of draining (D:9)
  A wasp (D:8)
  An orc warrior (D:9)
  A phantom (D:4)
  A black bear (D:7)
  6 centaurs
  5 ogres
  A crocodile (D:6)
  2 big kobolds
  Blork the orc (D:4)
  4 giant frogs
  3 scorpions (D:6)
  6 killer bees (D:9)
  5 wights
  2 howler monkeys (D:7)
  A giant frog zombie (D:7)
  A quasit (D:6)
  6 crimson imps
  2 hounds
  4 jellies
  4 orc priests
  11 orc wizards
  A centaur skeleton (D:9)
  2 iguanas (D:6)
  9 worker ants
  A hound zombie (D:9)
  3 gnolls (D:6)
  6 adders
  2 oozes
  3 adder skeletons
  2 worms (D:4)
  2 dart slugs
  3 giant geckos
  24 orcs
  2 ball pythons
  7 giant cockroaches
  8 goblins
  12 hobgoblins
  4 jackals
  39 kobolds
  5 quokkas
  A ball python skeleton (D:4)
  3 bats
  A giant gecko zombie (D:7)
  9 giant newts
  A quokka skeleton (D:4)
  6 rats
  A fire vortex (Volcano)
244 creatures vanquished.

Vanquished Creatures (collateral kills)
  A fire elemental (Volcano)
  4 big kobolds (D:4)
  A wight (D:7)
  A howler monkey (D:7)
  A crimson imp (D:4)
  An orc wizard (D:3)
  2 worker ants
  A gnoll (D:4)
  4 adders
  A worm (D:3)
  A giant gecko (D:7)
  3 orcs
  A goblin (D:2)
  A hobgoblin (D:4)
  15 kobolds (D:4)
38 creatures vanquished.

Vanquished Creatures (others)
  A hound (D:6)
  A bush (D:9)
  3 fire vortices (Volcano)
5 creatures vanquished.

Grand Total: 287 creatures vanquished

Notes
Turn   | Place    | Note
--------------------------------------------------------------
     0 | D:1      | Mefis the Deep Elf Wizard began the quest for the Orb.
     0 | D:1      | Reached XP level 1. HP: 10/10 MP: 7/7
   143 | D:1      | Reached skill level 5 in Spellcasting
   223 | D:1      | Reached XP level 2. HP: 15/15 MP: 2/10
   227 | D:1      | Learned a level 2 spell: Call Imp
   230 | D:1      | Learned a level 2 spell: Blink
   233 | D:1      | Learned a level 2 spell: Repel Missiles
   989 | D:2      | Reached XP level 3. HP: 10/19 MP: 1/11
  1368 | D:2      | Found an opulent altar of Gozag.
  1368 | D:2      | Found a glowing silver altar of Zin.
  2536 | D:3      | Reached XP level 4. HP: 24/24 MP: 8/13
  2606 | D:3      | Learned a level 3 spell: Mephitic Cloud
  2610 | D:3      | Learned a level 3 spell: Conjure Flame
  3790 | D:4      | Noticed Sigmund
  3811 | D:4      | Killed Sigmund
  3811 | D:4      | Reached skill level 1 in Fire Magic
  3811 | D:4      | Reached skill level 1 in Poison Magic
  3811 | D:4      | Reached XP level 5. HP: 28/28 MP: 2/15
  3811 | D:4      | Reached XP level 6. HP: 32/32 MP: 2/16
  3815 | D:4      | Learned a level 2 spell: Slow
  3935 | D:4      | Reached skill level 6 in Spellcasting
  4301 | D:4      | Noticed Blork the orc
  4321 | D:4      | Killed Blork the orc
  4449 | D:4      | Found a sparkling altar of Nemelex Xobeh.
  5362 | D:4      | Reached skill level 1 in Hexes
  5362 | D:4      | Reached XP level 7. HP: 21/36 MP: 2/18
  5657 | D:4      | Reached skill level 5 in Stealth
  7085 | D:5      | Entered Level 5 of the Dungeon
  7165 | D:5      | Noticed Liquid's ghost (novice FeBe)
  7521 | D:5      | Noticed Eustachio
  7865 | D:6      | Reached XP level 8. HP: 24/41 MP: 15/20
  8218 | D:6      | Noticed Prince Ribbit
  8218 | D:6      | Noticed Pikel
  8227 | D:6      | Killed Prince Ribbit
  8251 | D:6      | Killed Pikel
  8251 | D:6      | Reached skill level 5 in Dodging
  8251 | D:6      | Reached skill level 7 in Spellcasting
  8730 | D:6      | Reached XP level 9. HP: 44/44 MP: 8/22
  8734 | D:6      | Found Ivuufeudax's Distillery.
  8872 | D:6      | Bought a potion of lignification for 42 gold pieces
  8872 | D:6      | Bought a potion of brilliance for 56 gold pieces
  8872 | D:6      | Bought a potion of heal wounds for 70 gold pieces
  8872 | D:6      | Bought a potion of ambrosia for 112 gold pieces
  8906 | D:6      | Reached skill level 5 in Summonings
  8926 | D:6      | Found a radiant altar of Vehumet.
  9474 | D:7      | Found a staircase to the Ecumenical Temple.
  9541 | Temple   | Entered the Ecumenical Temple
 10470 | D:5      | Reached skill level 8 in Spellcasting
 10637 | D:5      | Noticed Grinder
 10647 | D:5      | Paralysed by Grinder for 2 turns
 10650 | D:5      | Killed Grinder
 10650 | D:5      | Reached skill level 5 in Conjurations
 11229 | D:5      | Killed Eustachio
 11229 | D:5      | Reached skill level 5 in Fire Magic
 11547 | D:5      | Reached skill level 5 in Hexes
 11596 | D:5      | HP: 2/44 [Liquid's ghost (12)]
 12053 | D:7      | Reached skill level 5 in Poison Magic
 12992 | D:8      | Reached XP level 10. HP: 43/49 MP: 18/24
 12996 | D:8      | Gained mutation: Your system is resistant to poisons. [mutagenic meat]
 12997 | D:8      | Gained mutation: Your flesh is heat resistant. [mutagenic meat]
 13352 | D:8      | Noticed Psyche
 13362 | D:8      | Killed Psyche
 13991 | D:8      | Reached skill level 1 in Bows
 14496 | D:8      | Reached skill level 9 in Spellcasting
 15075 | D:9      | Found a blossoming altar of Fedhas.
 15316 | D:10     | Entered Level 10 of the Dungeon
 15381 | D:9      | Found a staircase to the Lair.
 15381 | D:9      | Noticed an elephant
 15632 | D:9      | Found a white marble altar of Elyvilon.
 15635 | D:9      | Found a shimmering altar of Xom.
 15638 | D:9      | Found a deep blue altar of Sif Muna.
 15642 | D:9      | Became a worshipper of Sif Muna the Loreminder
 15648 | D:9      | Found a shadowy altar of Dithmenos.
 15963 | D:9      | Reached skill level 1 in Invocations
 15972 | D:9      | Reached skill level 1 in Charms
 16251 | Lair:1   | Entered Level 1 of the Lair of Beasts
 16444 | Lair:1   | Found a dark tunnel.
 16449 | Volcano  | Entered a volcano
 16453 | Volcano  | Learned a level 2 spell: Swiftness
 16458 | Volcano  | Learned a level 4 spell: Passage of Golubria
 16461 | Volcano  | Learned a level 2 spell: Passwall
 16465 | Volcano  | Noticed a gargoyle
 16465 | Volcano  | Noticed a molten gargoyle
 17697 | Volcano  | Engulfed by a cloud of flame

Skill      XL: |  1  2  3  4  5  6  7  8  9 10 |
---------------+-------------------------------+-----
Spellcasting   | 5 6 7 8 9 |  9.3
Stealth        | 3 4 5 6 7 8 |  8.1
Summonings     | 2 3 4 5 6 |  6.5
Conjurations   | 2 3 4 5 6 |  6.3
Dodging        | 3 4 5 6 7 |  7.0
Fire Magic     | 1 2 3 4 5 6 |  6.0
Poison Magic   | 1 2 3 4 5 |  5.7
Hexes          | 1 2 4 5 6 |  6.6
Bows           | 1 |  1.8
Invocations    | 1 |  1.4
Charms         | 1 |  1.7
Translocations | 2 |  2.0
Transmutations | |  0.2
Air Magic      | |  0.8
Earth Magic    | |  0.4

Action                   |  1- 3 |  4- 6 |  7- 9 | 10-12 || total
-------------------------+-------+-------+-------+-------++-------
Melee: Dagger            |     3 |     9 |       |       ||    12
       Rapier            |       |    20 |    16 |       ||    36
       Staff             |       |       |    22 |       ||    22
 Fire: Hand crossbow     |       |       |    65 |       ||    65
       Blowgun           |       |       |    18 |       ||    18
       Shortbow          |       |       |   108 |       ||   108
       Longbow           |       |       |       |   125 ||   125
Throw: Tomahawk          |       |       |     7 |       ||     7
       Javelin           |       |       |     4 |       ||     4
 Cast: Magic Dart        |   101 |   122 |   365 |   259 ||   847
       Call Imp          |     3 |    12 |    33 |    24 ||    72
       Mephitic Cloud    |       |     8 |    32 |    22 ||    62
       Repel Missiles    |       |     1 |     2 |     2 ||     5
       Blink             |       |       |     6 |     7 ||    13
       Conjure Flame     |       |       |    20 |    10 ||    30
  Use: Potion            |     1 |       |     2 |     5 ||     8
       Scroll            |       |     7 |     2 |     7 ||    16
 Stab: Sleeping          |     2 |       |     3 |       ||     5
       Confused          |       |     2 |       |       ||     2
       Distracted        |       |       |     2 |       ||     2
  Eat: Chunk             |     5 |     4 |     8 |    11 ||    28
       Bread ration      |       |     1 |     3 |     2 ||     6
       Fruit             |       |       |     1 |       ||     1
Armor: Robe              |     4 |     2 |    19 |    24 ||    49
Dodge: Dodged            |    31 |    34 |    94 |   105 ||   264
       Deflected         |       |     1 |     8 |     4 ||    13
